 Dungeon Crawl Stone Soup version 0.19.5 (webtiles) character file.

69 kraedy the Cudgeler (level 4, -2/28 HPs)
             Began as a Gargoyle Fighter on Apr 16, 2017.
             Slain by a gnoll
             ... wielding a +0 whip
              (7 damage)
             ... on level 2 of the Dungeon on Apr 18, 2017.
             The game lasted 00:05:28 (1533 turns).

kraedy the Cudgeler (Gargoyle Fighter)              Turns: 1533, Time: 00:05:29

Health: -2/28      AC: 11    Str: 20    XL:     4   Next: 20%
Magic:  4/4        EV:  4    Int:  9    God:
Gold:   168        SH:  9    Dex:  9    Spells: 0 memorised, 3 levels left

rFire  . . .     SeeInvis .     a - +0 flail
rCold  . . .     Gourm    +     b - +0 scale mail
rNeg   + . .     Faith    .     c - +0 shield
rPois  ∞         Spirit   .     (no helmet)
rElec  +         Reflect  .     (no cloak)
rCorr  .         Harm     .     h - +0 pair of gloves
MR     .....                    (no boots)
Stlth  ..........               i - amulet of the gourmand
                                p - ring of wizardry
                                (no ring)

@: starving, constricted
A: negative energy resistance 1, electricity resistance, unbreathing,
petrification resistance, rot immunity, AC +3
a: no special abilities


You were on level 2 of the Dungeon.
You were starving.

You visited 1 branch of the dungeon, and saw 3 of its levels.

You collected 168 gold pieces.

Inventory:

Hand Weapons
 a - a +0 flail (weapon)
Armour
 b - a +0 scale mail (worn)
 c - a +0 shield (worn)
 h - a +0 pair of gloves (worn)
Jewellery
 i - an amulet of the gourmand (around neck)
 j - a cursed amulet of inaccuracy {unknown}
 p - a ring of wizardry (right hand)
 r - an uncursed ring of ice
Scrolls
 e - a scroll of recharging {unknown}
 g - a scroll of magic mapping {unknown}
 m - 3 scrolls of identify {unknown}
 s - a scroll of enchant weapon {unknown}
 u - a scroll of fog {unknown}
Potions
 d - 2 potions of might
 k - a potion of flight {unknown}
 l - 2 potions of degeneration {unknown}
 o - a potion of curing {unknown}
 q - 2 potions of heal wounds {unknown}
 v - a potion of lignification {unknown}
Comestibles
 f - 2 bread rations
 n - 3 meat rations
 t - a fruit


   Skills:
 - Level 3.2 Fighting
 + Level 4.3 Maces & Flails
 - Level 3.2 Armour
 - Level 3.2 Shields


You had 3 spell levels left.
You didn't know any spells.

Dungeon Overview and Level Annotations

Branches:
Dungeon (3/15)

Altars:
Cheibriados
Kikubaaqudgha
Nemelex Xobeh
Ru
Uskayaw


Innate Abilities, Weirdness & Mutations

You are resistant to torment.
Your stone body is resilient. (AC +3)
You are immune to poison.
You resist negative energy. (rN+)
You are resistant to electric shocks. (rElec)
You can survive without breathing.
You are immune to petrification.
You are immune to rotting.


Message History

You hit the gnoll but do no damage. You block the ball python's attack.
The ball python constricts you. The gnoll hits you with a whip.
* * * LOW HITPOINT WARNING * * *
The ball python bites you but does no damage.
* * * LOW HITPOINT WARNING * * *
The ball python constricts you.
You barely miss the gnoll. You block the gnoll's attack.
The ball python completely misses you.
* * * LOW HITPOINT WARNING * * *
The ball python constricts you. You block the gnoll's attack.
Your shield and scale mail prevent you from hitting the gnoll.
You block the ball python's attack. The ball python constricts you.
The ball python bites you but does no damage.
The ball python constricts you. The gnoll hits you but does no damage.
You barely miss the gnoll. You block the ball python's attack.
The ball python constricts you. The gnoll hits you but does no damage.
The ball python bites you but does no damage.
The ball python constricts you.
You hit the gnoll but do no damage. The gnoll hits you with a whip!
You die...

....##..........###.............#
..#.................##..........#
#####.......#####..............(.
#......................######
##.....###########........##
##.....## #####.#...##
####..##### #.###...
.....#####################.# ###.
.............rgS@g......)..# ##
.....#######################
######


You could see 2 gnolls, a quokka and a ball python.

Vanquished Creatures
  2 gnolls (D:2)
  2 dart slugs (D:2)
  3 leopard geckos (D:1)
  A giant cockroach (D:1)
  7 goblins
  7 hobgoblins
  A jackal (D:1)
  4 bats (D:1)
  5 frilled lizards
  6 kobolds
  4 rats
42 creatures vanquished.

Notes
Turn   | Place    | Note
-------+----------+-------------------------------------------
     0 | D:1      | kraedy the Gargoyle Fighter began the quest for the Orb.
     0 | D:1      | Reached XP level 1. HP: 14/14 MP: 1/1
    73 | D:1      | Reached XP level 2. HP: 8/19 MP: 2/2
   350 | D:1      | Reached skill level 3 in Maces & Flails
   735 | D:1      | Reached XP level 3. HP: 23/23 MP: 3/3
  1233 | D:2      | Found a snail-covered altar of Cheibriados.
  1237 | D:2      | Found a hide-covered altar of Uskayaw.
  1238 | D:2      | Found a sacrificial altar of Ru.
  1267 | D:2      | Found a sparkling altar of Nemelex Xobeh.
  1267 | D:2      | Found an ancient bone altar of Kikubaaqudgha.
  1387 | D:2      | Reached skill level 4 in Maces & Flails
  1521 | D:2      | Reached XP level 4. HP: 14/28 MP: 4/4
  1533 | D:2      | Slain by a gnoll

Skill      XL: |  1  2  3 |
---------------+----------+-----
Maces & Flails | 3 4 |  4.3
Fighting       | |  3.2
Armour         | |  3.2
Shields        | |  3.2

Action                   |  1- 3 |  4- 6 || total
-------------------------+-------+-------++-------
Melee: Flail             |   145 |    12 ||   157
  Eat: Chunk             |     3 |       ||     3
Armor: Scale mail        |    93 |    12 ||   105
Dodge: Dodged            |    55 |     3 ||    58
Block: Shield            |    80 |    13 ||    93
